 Dungeon Crawl Stone Soup version 0.31-a0-174-g85c54bcb58 (webtiles) character file.

Game seed: 14395602373011036246

2666 ytrimaz the Thaumaturge (level 9, -8/57 HPs)
             Began as a Mummy Necromancer on June 15, 2023.
             Was a Follower of Kikubaaqudgha.
             Mangled by a two-headed ogre
             ... wielding a +0 giant club
              (35 damage)
             ... on level 8 of the Dungeon.
             The game lasted 00:11:06 (7776 turns).

ytrimaz the Thaumaturge (Mummy Necromancer)         Turns: 7776, Time: 00:11:07

Health: -8/57      AC:  3    Str: 12    XL:     9   Next: 37%
Magic:  16/25      EV: 17    Int: 18    God:    Kikubaaqudgha [*.....]
Gold:   403        SH:  0    Dex: 12    Spells: 7/32 levels left

rFire   . . .        h - +10 whip of Kotit {protect, Fragile rC+++ rN+}
rCold   + + +        (no shield)
rNeg    + + +        g - +0 robe {rC+ rF+}
rPois   ∞            (no helmet)
rElec   .            l - scarf {repulsion}
rCorr   .            p - +0 pair of gloves
SInv    +            (no boots)
Will    +....        (no amulet)
Stlth   ++           b - +5 ring of evasion
HPRegen 0.29/turn    m - ring of see invisible
MPRegen 0.19/turn

%: repel missiles, faith
@: no status effects
A: cold resistance 1, negative energy resistance 3, torment resistance 2, heat
vulnerability 1, in touch with death 1, no potions, faith
a: Renounce Religion, Unearth Wretches


You were on level 8 of the Dungeon.
You worshipped Kikubaaqudgha.
Kikubaaqudgha was aware of your devotion.
You visited 2 branches of the dungeon, and saw 9 of its levels.
You also visited: Ossuary.

You collected 403 gold pieces.


Innate Abilities, Weirdness & Mutations

You are immune to poison.
Your flesh is cold resistant. (rC+)
You are immune to negative energy. (rN+++)
You are immune to unholy pain and torment.
You are vulnerable to heat. (rF-)
You are in touch with the powers of death.
You do not drink.
You have a special connection with the divine. (Faith)


   Skills:
 + Level 1.5 Dodging
 - Level 1.5 Stealth
 - Level 12.0 Spellcasting
 + Level 9.3 Necromancy


You had 7 spell levels left.
You knew the following spells:

 Your Spells              Type           Power      Damage    Failure   Level
a - Necrotise             Necr           100%       1d9       1%          1
b - Vampiric Draining     Necr           60%        2d10      1%          3
c - Animate Dead          Necr           60%        N/A       1%          4
d - Agony                 Necr           60%        N/A       4%          5
e - Cigotuvi's Dreadful   Necr/Pois/Air  64%        N/A       2%          2
f - Dispel Undead         Necr           60%        3d21      1%          4
g - Death Channel         Necr           30%        N/A       22%         6

Your spell library contained the following spells:

 Spells                   Type           Power      Damage    Failure   Level
 Kiss of Death            Conj/Necr      100%       2d13      1%          1
 Anguish                  Hex/Necr       20%        N/A       10%         4
 Ozocubu's Armour         Ice            10%        N/A       19%         3
 Cause Fear               Hex            5%         N/A       54%         4
 Enfeeble                 Hex            5%         N/A       100%        7
 Ozocubu's Refrigeration  Ice            5%         4d8       100%        7

Inventory:

Hand Weapons
 f - a +0 trident of pain
   (You found it on level 1 of the Dungeon)
 h - the +10 whip of Kotit (weapon) {protect, Fragile rC+++ rN+}
   (You found it on level 3 of the Dungeon)

   rC:        It renders you almost immune to cold.
   rN:        It protects you from negative energy.
   Fragile:   It will be destroyed if unequipped.
Armour
 a - a +0 robe
 g - a +0 robe of resistance (worn)
   (You found it on level 2 of the Dungeon)
 l - a scarf of repulsion (worn)
   (You found it on level 4 of the Dungeon)
 p - a +0 pair of gloves (worn)
   (You found it on level 6 of the Dungeon)
Jewellery
 b - a +5 ring of evasion (left hand)
   (You found it on level 2 of the Dungeon)
 m - a ring of see invisible (right hand)
   (You found it on level 5 of the Dungeon)
Wands
 o - a wand of roots (13)
   (You found it on level 6 of the Dungeon)
 v - a wand of quicksilver (8)
   (You found it on level 7 of the Dungeon)
Scrolls
 c - 3 scrolls of fog
 d - 6 scrolls of teleportation
 e - 2 scrolls of torment
 i - a scroll of acquirement
 j - a scroll of poison
 k - 4 scrolls of identify
 n - a scroll of noise
 q - a scroll of fear
 r - a scroll of silence {unknown}
 s - a scroll of revelation
 t - a scroll of vulnerability {unknown}
 u - 2 scrolls of enchant armour {unknown}

Dungeon Overview and Level Annotations

Branches:
Dungeon (8/15) Zot: 26996  Temple (1/1) D:5 Zot: 5959 Ossuary (visited)
   Lair: D:8-11

Altars:
Ashenzari
Cheibriados
Dithmenos
Fedhas
Gozag
Hepliaklqana
Kikubaaqudgha
Makhleb
Nemelex Xobeh
Okawaru
Qazlal
Sif Muna
Trog
Uskayaw
Vehumet
Wu Jian
Yredelemnul

Portals:
Abyss: D:7

Annotations:
D:7 2 transporters, greynaab's ghost, novice KoMo

### #@#
#...O.#
#.....#
#.......
#........
#.........#
#........)#
#.........#


You could see a two-headed ogre.


Message History

The hound closely misses you. The hound bites you but does no damage.
Unknown command. 😎 HP[+1]
Your hp is fully restored (57).
You hit the hound. The hound completely misses you.
You hit the hound. The hound closely misses you. The hound bites you. 😕 HP[-5]
You take 5 damage, and now have 52/57 hp.
Press: ? - help, v - describe, . - travel, g - get item Item here: a book of Decay.
The floor.
You whack the hound! The hound bites you. The hound misses you. 😕 HP[-2]
You take 2 damage, and now have 50/57 hp.
You closely miss the hound. The hound misses you.
Unknown command.
You barely miss the hound. The hound closely misses you. The hound misses you.
You whack the hound!
You kill the hound!
Kikubaaqudgha accepts your kill.
Unknown command.
You see here a hound corpse. 😕 HP[+1] 😕 HP[+1]
You pick up a book of Decay and begin reading...
You add the spells Dispel Undead and Death Channel to your library.
You can't go up here!
This spell is dangerous to cast!
Memorise Dispel Undead, consuming 4 spell levels and leaving 13?
You start memorising the spell.
You continue memorising. x4
You finish memorising.
Spell assigned to 'f'. 😕 HP[+2]
You regained 2 hp, and now have 54/57 hp.
This spell is extremely dangerous to cast!
Memorise Death Channel, consuming 6 spell levels and leaving 7?
You start memorising the spell.
You continue memorising. x6
You finish memorising.
Spell assigned to 'g'. 😕 HP[+2]
You regained 2 hp, and now have 56/57 hp.
Okay, then.
Casting: Vampiric Draining (safe; 1% risk of failure)
Confirm with . or Enter, or press ? or * to list all spells.
Okay, then.
u - 2 scrolls labelled DEZXEZ REKAWOLL (gained 1)
v - a wand of quicksilver (8) 😎 HP[+1]
Your hp is fully restored (57).
Partly explored, unvisited transporter.
Partly explored, unvisited transporter.
Partly explored, unvisited transporter.
Partly explored, unvisited transporter.
Partly explored, unvisited transporter.
Partly explored, unvisited transporter.
You see here a hound corpse.
There is a stone staircase leading down here.
You climb downwards.
The two-headed ogre shouts in stereo!
There is a stone staircase leading up here.
Unknown command.
A two-headed ogre is nearby!
Casting: Vampiric Draining (safe; 1% risk of failure)
Confirm with . or Enter, or press ? or * to list all spells.
Aiming: Vampiric Draining (safe; 1% risk of failure)
Press: ? - help, Shift-Dir - straight line, f - two-headed ogre
Aim: a two-headed ogre, wielding a +0 giant club and a +0 giant spiked club You feel a surge of power!
You draw life force from the two-headed ogre!
The two-headed ogre hits you with a +0 giant club!
The two-headed ogre hits you with a +0 giant spiked club!!
* * * LOW HITPOINT WARNING * * *
😨 HP[-41] MP[-3]
You take 41 damage, and now have 16/57 hp.
MASSIVE DAMAGE!! (PAUSE)
You lost 3 mp, and now have 22/25 mp.
Casting: Vampiric Draining (safe; 1% risk of failure)
Confirm with . or Enter, or press ? or * to list all spells.
Okay, then.
Casting: Vampiric Draining (safe; 1% risk of failure)
Confirm with . or Enter, or press ? or * to list all spells.
Aiming: Vampiric Draining (safe; 1% risk of failure)
Press: ? - help, Shift-Dir - straight line, f/p - two-headed ogre
Aim: a two-headed ogre, wielding a +0 giant club and a +0 giant spiked club (moderately wounded)
You feel a surge of power!
You draw life force from the two-headed ogre!
You feel life coursing into your body. 😨 HP[+4] MP[-3]
You regained 4 hp, and now have 20/57 hp.
You lost 3 mp, and now have 19/25 mp.
Casting: Vampiric Draining (safe; 1% risk of failure)
Confirm with . or Enter, or press ? or * to list all spells.
Aiming: Vampiric Draining (safe; 1% risk of failure)
Press: ? - help, Shift-Dir - straight line, f/p - two-headed ogre
Aim: a two-headed ogre, wielding a +0 giant club and a +0 giant spiked club (moderately wounded)
You feel a surge of power!
You draw life force from the two-headed ogre!
You feel life coursing into your body.
The two-headed ogre hits you with a +0 giant club!!
Ouch! That really hurt!
You die...
Kikubaaqudgha rasps: "You have failed me!
Welcome... oblivion!"

Skill      XL: |  1  2  3  4  5  6  7  8  9 |
---------------+----------------------------+-----
Spellcasting   | 3 4 5 6 7 9 11 12 | 12.0
Necromancy     | 5 6 8 9 |  9.3
Dodging        | |  1.5
Stealth        | |  1.5

Action                     |  1- 3 |  4- 6 |  7- 9 || total
---------------------------+-------+-------+-------++-------
  Melee: Unarmed           |    22 |       |       ||    22
         Punch             |     1 |       |     1 ||     2
         Trident           |    10 |       |       ||    10
         Whip              |       |    32 |   146 ||   178
   Cast: Necrotise         |    68 |    62 |    62 ||   192
         Vampiric Draining |       |     6 |    43 ||    49
    Use: Scroll            |     4 |     3 |     2 ||     9
   Stab: Sleeping          |       |       |     1 ||     1
 Armour: Robe              |     3 |     7 |    38 ||    48
  Dodge: Dodged            |    36 |    41 |   200 ||   277
         Repelled          |       |       |     2 ||     2

Levels and vault maps discovered:
D:1:      nicolae_arrival_somewhat_less_tricky_arrival, layout_loops_ring,
          hangedman_decor_clover_reticule, minmay_tripent
D:2:      kennysheep_big_flooded_room, layout_rooms
D:3:      layout_rooms, demons_altar, amcnicky_altar_gilded,
          minmay_splitting_lines, st_stairs_4, chequers_arboretum,
          grunt_decor_clamped
D:4:      layout_layer_cave, uniq_sigmund
D:5:      layout_gridville, mainiacjoe_overflow_brackets,
          mainiacjoe_overflow_24_doors, okawaru_gym_becter,
          minmay_temple_entry_statues_pillars, minmay_checkerbox
D:6:      layout_loops_ring, nicolae_dithmenos_through_a_glass_darkly,
          mainiacjoe_overflow_tiny_flanked,
          nicolae_overflow_hallway_of_the_gods, dreamdust_gnoll_farm
D:7:      layout_rooms, enter_ossuary_4, gammafunk_ghost_abyssal_escape,
          uniq_prince_ribbit1
D:8:      layout_basic, chequers_serial_rivers_room_b, grunt_decor_one_mirror,
          nicolae_specific_store
Temple:   nicolae_temple_ecumenical_triangle

Notes
Turn   | Place    | Note
-------+----------+-------------------------------------------
     0 | D:1      | ytrimaz the Mummy Necromancer began the quest for the Orb.
     0 | D:1      | Reached XP level 1. HP: 13/13 MP: 4/4
     0 | D:1      | magus.rc [v1.9.6]
   149 | D:1      | HP: 3/13 [goblin/+0 club (3)]
   163 | D:1      | Reached skill level 3 in Spellcasting
   349 | D:1      | Reached XP level 2. HP: 9/19 MP: 1/6
  1270 | D:2      | Reached skill level 4 in Spellcasting
  1270 | D:2      | Gained mutation: You are in touch with the powers of death.
                  | [Mummy growth]
  1270 | D:2      | Reached XP level 3. HP: 24/24 MP: 1/8
  1563 | D:2      | Learned a level 3 spell: Vampiric Draining
  1859 | D:2      | Reached XP level 4. HP: 30/30 MP: 7/10
  2039 | D:3      | Identified the +10 whip of Kotit {protect, Fragile rC+++
                  | rN+}
  2259 | D:3      | Reached skill level 5 in Spellcasting
  2591 | D:3      | Reached XP level 5. HP: 35/35 MP: 10/13
  2773 | D:3      | Identified a scroll of acquirement
  2895 | D:3      | Found a burning altar of Makhleb.
  2904 | D:3      | Learned a level 4 spell: Animate Dead
  2910 | D:3      | Learned a level 5 spell: Agony
  2928 | D:3      | Reached skill level 5 in Necromancy
  2938 | D:3      | Reached skill level 6 in Spellcasting
  3103 | D:4      | Reached XP level 6. HP: 41/41 MP: 8/15
  3495 | D:4      | Noticed Sigmund
  3527 | D:4      | Killed Sigmund
  3528 | D:4      | Reached skill level 7 in Spellcasting
  3849 | D:4      | You add the spells Ozocubu's Armour and Ozocubu's
                  | Refrigeration to your library.
  4498 | D:5      | Entered Level 5 of the Dungeon
  4520 | D:5      | Reached XP level 7. HP: 46/46 MP: 11/18
  4599 | D:5      | Found an iron altar of Okawaru.
  4723 | D:5      | Found an opulent altar of Gozag.
  4843 | D:5      | Reached skill level 8 in Spellcasting
  4843 | D:5      | Reached skill level 6 in Necromancy
  4913 | D:5      | Found a staircase to the Ecumenical Temple.
  4922 | Temple   | Entered the Ecumenical Temple
  5094 | D:5      | Found a shimmering blue altar of Sif Muna.
  5340 | D:5      | Reached skill level 9 in Spellcasting
  5658 | D:6      | Reached XP level 8. HP: 40/52 MP: 16/21
  5706 | D:6      | You pick up a book of Hexes and begin reading...
  5706 | D:6      | You add the spells Anguish, Cause Fear and Enfeeble to your
                  | library.
  5759 | D:6      | Reached skill level 10 in Spellcasting
  5759 | D:6      | Reached skill level 7 in Necromancy
  6397 | D:6      | Found a shadowy altar of Dithmenos.
  6443 | D:6      | Reached skill level 11 in Spellcasting
  6510 | D:6      | Found an ornate altar of the Wu Jian Council.
  6587 | D:6      | Found a bloodstained altar of Trog.
  6587 | D:6      | Found a basalt altar of Yredelemnul.
  6592 | D:6      | Found a stormy altar of Qazlal.
  6594 | D:6      | Found a blossoming altar of Fedhas.
  6595 | D:6      | Found an ancient bone altar of Kikubaaqudgha.
  6597 | D:6      | Found a snail-covered altar of Cheibriados.
  6601 | D:6      | Became a worshipper of Kikubaaqudgha
  6983 | D:7      | Noticed Prince Ribbit
  6992 | D:7      | Killed Prince Ribbit
  6993 | D:7      | Reached skill level 8 in Necromancy
  6993 | D:7      | Reached XP level 9. HP: 57/57 MP: 8/24
  6996 | D:7      | Found a transporter.
  6999 | D:7      | Found a sand-covered staircase.
  7006 | Ossuary  | Entered an ossuary
  7174 | Ossuary  | Reached skill level 12 in Spellcasting
  7289 | Ossuary  | Reached * piety under Kikubaaqudgha
  7289 | Ossuary  | You add the spells Kiss of Death and Cigotuvi's Dreadful
                  | Rot to your library.
  7289 | Ossuary  | Received a gift from Kikubaaqudgha
  7296 | Ossuary  | Learned a level 2 spell: Cigotuvi's Dreadful Rot
  7383 | D:7      | Found a transporter.
  7387 | D:7      | Found a one-way gate to the infinite horrors of the Abyss.
  7387 | D:7      | Noticed greynaab's ghost (novice KoMo)
  7572 | D:7      | Reached skill level 9 in Necromancy
  7733 | D:7      | You pick up a book of Decay and begin reading...
  7733 | D:7      | You add the spells Dispel Undead and Death Channel to your
                  | library.
  7739 | D:7      | Learned a level 4 spell: Dispel Undead
  7746 | D:7      | Learned a level 6 spell: Death Channel
  7773 | D:8      | Noticed a two-headed ogre
  7776 | D:8      | Mangled by a two-headed ogre

Vanquished Creatures
  Prince Ribbit (D:7)
  A wyvern (D:7)
  A wraith (Ossuary)
  Sigmund (D:4)
  2 orc warriors
  An ice beast (D:7)
  2 ogres
  A black bear (D:6)
  3 centaurs
  2 phantoms
  A bullfrog (D:6)
  5 scorpions
  3 hounds
  An orc priest (D:6)
  2 jellies
  2 sleepcaps (D:5)
  3 iron imps (D:3)
  2 iguanas (D:6)
  3 orc wizards (D:6)
  A mummy (Ossuary)
  4 gnolls (D:6)
  8 adders
  A shadow imp (D:6)
  A white imp (D:5)
  5 worms
  6 dart slugs
  14 orcs
  9 bats
  7 endoplasms
  A giant cockroach (D:3)
  11 goblins
  7 hobgoblins
  2 quokkas
  6 ball pythons
  3 frilled lizards
  6 gnoll skeletons (Ossuary)
  A goblin zombie (D:7)
  7 kobolds
  7 kobold skeletons (Ossuary)
  12 orc skeletons (Ossuary)
  4 rats
  A rat zombie (D:7)
161 creatures vanquished.

Vanquished Creatures (collateral kills)
  An orc priest (D:3)
  A rat (D:2)
2 creatures vanquished.

Grand Total: 163 creatures vanquished

Table legend:
 A = Non-vault XP
 B = Vault XP
 C = Vault XP percentage of total XP
 D = Non-vault monster count
 E = Vault monster count
 F = Vault count percentage of total count
                 A         B        C        D         E       F
            +---------+---------+-------+---------+---------+-------
      Total |    2760 |    1049 |  27.5 |     113 |      50 |  30.7
            +---------+---------+-------+---------+---------+-------
        D:1 |      20 |       4 |  16.7 |      12 |       2 |  14.3
        D:2 |      72 |       3 |   4.0 |      23 |       2 |   8.0
        D:3 |     105 |     122 |  53.7 |      23 |       5 |  17.9
        D:4 |     121 |     206 |  63.0 |      12 |       1 |   7.7
        D:5 |     783 |      59 |   7.0 |      12 |       4 |  25.0
        D:6 |     884 |     141 |  13.8 |      22 |       6 |  21.4
        D:7 |     775 |     257 |  24.9 |       9 |       3 |  25.0
    Ossuary |       0 |     257 | 100.0 |       0 |      27 | 100.0
            +---------+---------+-------+---------+---------+-------

Skill      XL: |  1  2  3  4  5  6  7  8  9 |
---------------+----------------------------+-----
Spellcasting   | 3 4 5 6 7 9 11 12 | 12.0
Necromancy     | 5 6 8 9 |  9.3
Dodging        | |  1.5
Stealth        | |  1.5

Action                     |  1- 3 |  4- 6 |  7- 9 || total
---------------------------+-------+-------+-------++-------
  Melee: Unarmed           |    22 |       |       ||    22
         Punch             |     1 |       |     1 ||     2
         Trident           |    10 |       |       ||    10
         Whip              |       |    32 |   146 ||   178
   Cast: Necrotise         |    68 |    62 |    62 ||   192
         Vampiric Draining |       |     6 |    43 ||    49
    Use: Scroll            |     4 |     3 |     2 ||     9
   Stab: Sleeping          |       |       |     1 ||     1
 Armour: Robe              |     3 |     7 |    38 ||    48
  Dodge: Dodged            |    36 |    41 |   200 ||   277
         Repelled          |       |       |     2 ||     2

Illustrated notes

Table legend:
 A = Kills in this place as a percentage of kills in the entire game.
 B = Kills by you in this place as a percentage of kills by you in the entire game.
 C = Kills by friends in this place as a percentage of kills by friends in the entire game.
 D = Other kills in this place as a percentage of other kills in the entire game.
 E = Experience gained in this place as a percentage of experience gained in the entire game.
 F = Experience gained in this place divided by the number of levels of this place that you have seen.
                   A       B       C       D       E      F
               +-------+-------+-------+-------+-------+----------------------
         Total | 100.0 | 100.0 | 100.0 |   N/A | 100.0 | 380.9
       Dungeon |  83.4 |  83.2 | 100.0 |   N/A |  93.3 | 444.0
       Ossuary |  16.6 |  16.8 |   0.0 |   N/A |   6.7 | 257.0
               +-------+-------+-------+-------+-------+----------------------

Table legend: (Time is in decaauts)
 A = Elapsed time spent in this place.
 B = Non-inter-level travel time spent in this place.
 C = Inter-level travel time spent in this place.
 D = Time resting spent in this place.
 E = Time spent auto-exploring this place.
 F = Levels seen in this place.
 G = Mean time per level.
                   A        B        C        D        E       F      G
               +--------+--------+--------+--------+--------+-----+--------+
         Total |   7803 |   7613 |    190 |    437 |   5938 |  10 |  780.3 |
       Dungeon |   7395 |   7212 |    183 |    433 |   5666 |   8 |  924.4 |
        Temple |     40 |     33 |      7 |      0 |     28 |   1 |   40.0 |
       Ossuary |    367 |    367 |      0 |      4 |    244 |   1 |  367.0 |
               +--------+--------+--------+--------+--------+-----+--------+

Top non-repeatable levels by time:
     D:4: 1430 daAuts
     D:5: 1347 daAuts
     D:1: 1257 daAuts
     D:3: 1041 daAuts
     D:6: 1025 daAuts
     D:2: 773 daAuts
     D:7: 517 daAuts
 Ossuary: 367 daAuts
  Temple: 40 daAuts
     D:8: 2 daAuts
